 Dungeon Crawl Stone Soup version 0.29.1-15-g9cfb28693d (webtiles) character file.

Game seed: 7853257523416793603

3420 nonceun the Cleaver (level 9, -13/81 HPs)
             Began as a Minotaur Berserker on Mar 4, 2023.
             Was a Priest of Trog.
             Mangled by an orc knight
             ... wielding a +0 trident
              (20 damage)
             ... in a bailey.
             The game lasted 00:31:12 (8018 turns).

nonceun the Cleaver (Minotaur Berserker)            Turns: 8018, Time: 00:31:25

Health: -13/81     AC: 14    Str: 26    XL:     9   Next: 76%
Magic:  8/8        EV: 12    Int:  4    God:    Trog [***...]
Gold:   438        SH:  0    Dex: 10    Spells: 8/8 levels left

rFire   . . .      SeeInvis .   a - +0 broad axe
rCold   + . .      Faith    .   (no shield)
rNeg    . . .      Spirit   .   y - +5 ring mail "Xinaoqarr" {rC+ Stlth+}
rPois   .          Reflect  .   (helmet restricted)
rElec   .          Harm     .   D - +1 cloak
rCorr   +          Rampage  .   (no gloves)
Will    ++...                   J - +0 pair of boots
Stlth   +.........              (no amulet)
HPRegen 1.23/turn               F - ring of resist corrosion
MPRegen 0.11/turn               (no ring)

@: strong-willed, on berserk cooldown, regenerating, slowed, very slow
A: horns 2, retaliatory headbutt
a: Renounce Religion, Berserk, Trog's Hand


You were in a bailey.
You worshipped Trog.
Trog was most pleased with you.
You visited 1 branch of the dungeon, and saw 8 of its levels.
You also visited: Sewer and Bailey.

You collected 478 gold pieces.
You spent 40 gold pieces at shops.

Inventory:

Hand Weapons
 a - a +0 broad axe (weapon)
 v - a +2 hand axe of freezing
Missiles
 e - 66 stones (quivered)
Armour
 y - the +5 ring mail "Xinaoqarr" (worn) {rC+ Stlth+}
   (You found it in a sewer)

   rC:        It protects you from cold.
   Stlth:     It makes you more stealthy.
 D - a +1 cloak (worn)
 J - a +0 pair of boots (worn)
Jewellery
 F - a ring of resist corrosion (left hand)
Wands
 p - a wand of iceblast (5)
 u - a wand of paralysis (16)
 w - a wand of flame (9)
 H - a wand of mindburst (12)
 I - a wand of polymorph (5)
Scrolls
 b - 3 scrolls of enchant weapon {unknown}
 c - 4 scrolls of identify
 d - a scroll of silence {unknown}
 g - a scroll of blinking {unknown}
 i - a scroll of amnesia
 j - a scroll of enchant armour {unknown}
 k - 3 scrolls of teleportation {unknown}
 n - 2 scrolls of immolation {unknown}
 x - 4 scrolls of noise {unknown}
 C - a scroll of torment {unknown}
 E - a scroll of fog {unknown}
Potions
 f - 3 potions of curing {unknown}
 h - 2 potions of haste {unknown}
 l - 2 potions of flight {unknown}
 m - 2 potions of degeneration {unknown}
 o - 3 potions of heal wounds {unknown}
 q - a potion of magic {unknown}
 r - a potion of cancellation {unknown}
 z - 3 potions of mutation {unknown}
 A - a potion of brilliance {unknown}
 B - a potion of invisibility {unknown}
 G - a potion of ambrosia {unknown}


   Skills:
 - Level 8.0 Fighting
 + Level 13.9 Axes
 - Level 5.0 Armour
 * Level 4.7 Dodging


You had 8 spell levels left.
You didn't know any spells.
Your spell library contained the following spells:

 Spells                   Type           Power      Damage    Failure   Level
 Foxfire                  Conj/Fire      0%         2x1d4     63%         1
 Freeze                   Ice            0%         1d3       63%         1
 Magic Dart               Conj           0%         1d3       63%         1
 Sandblast                Erth           0%         2d4       63%         1
 Shock                    Conj/Air       0%         1d3       63%         1
 Passwall                 Tmut/Erth      0%         N/A       77%         2
 Scorch                   Fire           0%         2d5       77%         2
 Searing Ray              Conj           0%         2d4       77%         2
 Sublimation of Blood     Necr           0%         N/A       77%         2
 Wereblood                Tmut           0%         N/A       77%         2
 Confusing Touch          Hex            0%         N/A       94%         3
 Frozen Ramparts          Ice            0%         1d1       94%         3
 Portal Projectile        Hex/Tloc       0%         N/A       94%         3
 Stone Arrow              Conj/Erth      0%         3d7       94%         3
 Swiftness                Air            0%         N/A       94%         3
 Tukima's Dance           Hex            0%         N/A       94%         3
 Airstrike                Air            0%         2d(0-16)  100%        4
 Flame Wave               Conj/Fire      0%         2d4       100%        4
 Fulminant Prism          Conj/Hex       0%         3d6       100%        4
 Hailstorm                Conj/Ice       0%         3d3       100%        4
 Blade Hands              Tmut           0%         N/A       100%        5
 Freezing Cloud           Conj/Ice/Air   0%         6-21      100%        5
 Yara's Violent Unravell  Hex/Tmut       0%         3d3       100%        5
 Summon Cactus Giant      Summ           0%         N/A       100%        6
 Enfeeble                 Hex            0%         N/A       100%        7
 Summon Hydra             Summ           0%         N/A       100%        7
 Polar Vortex             Ice            0%         N/A       100%        9


Dungeon Overview and Level Annotations

Branches:
Dungeon (8/15)             Temple (0/1) D:5           Sewer (visited)
 Bailey (1/1)
   Lair: D:8-11

Altars:
Dithmenos
Fedhas
Gozag
Hepliaklqana
Nemelex Xobeh
Ru
Sif Muna
Trog
Uskayaw
Wu Jian
Zin

Shops:
D:5 (**

Annotations:
D:6 Prince Ribbit


Innate Abilities, Weirdness & Mutations

You have a pair of horns on your head.
You reflexively headbutt those who attack you in melee.


Message History

You closely miss the orc knight. You headbutt the orc knight.
The orc knight is lightly wounded.
You slash the orc knight!
The orc knight is moderately wounded.
The orc knight hits you with a +0 trident!
You closely miss the orc knight. Your headbutt misses the orc knight.
The orc knight is moderately wounded.
You barely miss the orc knight.
The orc knight is moderately wounded.
The orc knight hits you with a +0 trident.
You closely miss the orc knight.
The orc knight is moderately wounded.
The orc knight barely misses you.
You slash the orc knight!
The orc knight is severely wounded.
You barely miss the orc knight.
The orc knight is severely wounded.
The orc knight hits you but does no damage.
You barely miss the orc knight.
The orc knight is severely wounded.
The orc knight hits you with a +0 trident!!
You closely miss the orc knight.
The orc knight is severely wounded.
You barely miss the orc knight. Your headbutt misses the orc knight.
The orc knight is severely wounded.
The orc knight hits you with a +0 trident!!
* * * LOW HITPOINT WARNING * * *
You slice the orc knight!!
The orc knight is almost dead.
You hit the orc knight.
The orc knight is almost dead.
The orc knight hits you with a +0 trident!
* * * LOW HITPOINT WARNING * * *
You barely miss the orc knight.
The orc knight is almost dead.
You are no longer berserk.
You are exhausted.
You feel yourself slow down.
The orc knight hits you with a +0 trident!!
You die...

♣.................)'..#
♣.)))..............'..#
♣..∩)..............#..#
♣..)......######...#.8#
♣♣.........≈≈≈≈....#..#
♣♣♣....♣..≈≈≈≈.♣.##..o
###.....≈≈≈≈...# ....
##o♣..≈≈≈≈♣..# .###
#@..≈≈≈≈≈♣..###
#♣.≈≈≈≈≈♣♣....#
♣♣≈≈≈≈≈♣♣♣..## #######
####


You could see an orc knight.

Vanquished Creatures
  2 steam dragons (D:7)
  Menkaure (D:6)
  3 black bears (D:6)
  8 orc warriors
  2 ice beasts (D:7)
  2 ogres
  A phantom (D:7)
  2 kobold brigands
  A bullfrog (D:6)
  A necrophage (D:5)
  2 scorpions
  3 electric eels (D:6)
  6 hounds
  A gnoll bouda (D:5)
  Crazy Yiuf (D:6)
  5 orc priests
  4 jellies
  2 iguanas (D:5)
  Ijyb (D:5)
  5 orc wizards
  6 gnolls
  10 adders
  2 river rats
  2 white imps
  2 ufetubi (D:5)
  8 worms
  3 dart slugs
  31 orcs
  13 ball pythons
  3 bats
  13 endoplasms
  6 giant cockroaches
  10 goblins
  5 hobgoblins
  6 jackals
  10 kobolds
  2 quokkas
  7 frilled lizards
  13 rats
  A spectral goblin (D:4)
206 creatures vanquished.

Vanquished Creatures (others)
  14 plants
14 creatures vanquished.

Grand Total: 220 creatures vanquished

Notes
Turn   | Place    | Note
-------+----------+-------------------------------------------
     0 | D:1      | nonceun the Minotaur Berserker began the quest for the Orb.
     0 | D:1      | Reached XP level 1. HP: 19/19 MP: 0/0
    80 | D:1      | Reached skill level 4 in Axes
   219 | D:1      | Reached XP level 2. HP: 26/26 MP: 1/1
   413 | D:1      | Got Wycweligg's Atlas of the Blizzard and Calefaction
   593 | D:1      | Reached skill level 5 in Axes
   705 | D:1      | Reached ** piety under Trog
   722 | D:1      | Reached XP level 3. HP: 31/31 MP: 2/2
  1211 | D:2      | Found a faded altar of an unknown god.
  1799 | D:3      | Reached skill level 6 in Axes
  1799 | D:3      | Reached XP level 4. HP: 19/39 MP: 3/3
  2526 | D:3      | Reached skill level 7 in Axes
  2526 | D:3      | Reached XP level 5. HP: 30/45 MP: 4/4
  3216 | D:4      | Reached skill level 8 in Axes
  3375 | D:4      | Reached XP level 6. HP: 51/51 MP: 5/5
  3569 | D:4      | Noticed an orc warrior
  3649 | D:4      | Killed an orc warrior
  3650 | D:4      | Reached skill level 9 in Axes
  3790 | D:4      | Found a glowing silver altar of Zin.
  3809 | D:4      | Found a hazy altar of Hepliaklqana.
  4005 | D:4      | Reached XP level 7. HP: 57/57 MP: 6/6
  4046 | D:5      | Entered Level 5 of the Dungeon
  4131 | D:5      | Reached skill level 10 in Axes
  4447 | D:5      | Found a staircase to the Ecumenical Temple.
  4535 | D:5      | Found Olalidepn's Lightly-Used Armoury.
  4538 | D:5      | Noticed Ijyb
  4594 | D:5      | Paralysed by Ijyb for 3 turns
  4607 | D:5      | Paralysed by Ijyb for 3 turns
  4613 | D:5      | Killed Ijyb
  4614 | D:5      | Reached skill level 11 in Axes
  4676 | D:5      | Found Mynonek's Merry Market.
  4809 | D:5      | Reached XP level 8. HP: 63/64 MP: 7/7
  4914 | D:5      | Found Qilishub's Weapon Shoppe.
  5138 | D:5      | Bought a +0 broad axe for 40 gold pieces
  5241 | D:6      | Found a bloodstained altar of Trog.
  5287 | D:6      | Found an ornate altar of the Wu Jian Council.
  5317 | D:6      | Reached skill level 12 in Axes
  5326 | D:6      | Found a hide-covered altar of Uskayaw.
  5326 | D:6      | Noticed a +0 dagger
  5326 | D:6      | Noticed a +0 spear
  5331 | D:6      | Noticed Menkaure
  5340 | D:6      | Killed Menkaure
  5341 | D:6      | Reached skill level 5 in Fighting
  5341 | D:6      | Noticed a +0 dagger
  5341 | D:6      | Noticed a +0 spear
  5342 | D:6      | Noticed a +0 falchion
  5391 | D:6      | Found a shadowy altar of Dithmenos.
  5503 | D:6      | Found a glowing drain.
  5518 | Sewer    | Entered a sewer
  5666 | Sewer    | Reached *** piety under Trog
  5730 | Sewer    | Found a viscous altar of Jiyva.
  5740 | Sewer    | Identified the +5 ring mail "Xinaoqarr" {rC+ Stlth+}
  5860 | D:6      | Found a runed translucent door.
  5860 | D:6      | Noticed Crazy Yiuf
  5866 | D:6      | Killed Crazy Yiuf
  6089 | D:6      | Noticed a +0 falchion
  6091 | D:6      | Noticed a +0 short sword
  6099 | D:6      | Noticed a +0 short sword
  6335 | D:6      | Noticed Prince Ribbit
  6344 | D:6      | Reached XP level 9. HP: 70/75 MP: 8/8
  6819 | D:7      | Found an opulent altar of Gozag.
  6841 | D:7      | Reached skill level 13 in Axes
  6907 | D:7      | Found a shimmering blue altar of Sif Muna.
  6959 | D:7      | Found a sparkling altar of Nemelex Xobeh.
  7037 | D:7      | Reached skill level 5 in Armour
  7360 | D:7      | Found a blossoming altar of Fedhas.
  7508 | D:8      | Found a sacrificial altar of Ru.
  7561 | D:8      | Found a flagged portal.
  7578 | Bailey   | Entered a bailey
  7985 | Bailey   | Noticed an orc knight
  8018 | Bailey   | Mangled by an orc knight

Illustrated notes

Levels and vault maps discovered:
D:1:      spicycebolla_arrival_clurvy, layout_basic, st_stairs_10,
          glass_columns_b, reono_crystal_passage
D:2:      layout_rooms, dreamdust_ecumenical_altar_grove
D:3:      layout_loops_ring
D:4:      layout_cave_pools, pf_just_have_faith,
          nicolae_hepliaklqana_monster_ancestors, nicolae_wormholes
D:5:      layout_loops_ring, minmay_temple_entry_tees, serial_shops,
          kennysheep_mini_moat, minmay_shop_damaged, nicolae_alphabet_shops,
          uniq_ijyb
D:6:      layout_rooms, nicolae_overflow_crystal_walls, trog_ov_bears_minmay,
          mainiacjoe_overflow_alcove_1, nicolae_uskayaw_en_pointe,
          portal_sewer_entry_e, chequers_big_river, uniq_prince_ribbit1,
          uniq_menkaure, uniq_crazy_yiuf_cottage
D:7:      layout_cave_pools, nicolae_gozag_seed_capital,
          nemelex_xobeh_ov_fountains_minmay, fedhas_ov_isle_minmay,
          lemuel_tele_altar
D:8:      layout_cave_pods, mainiacjoe_overflow_tiny_flanked,
          nicolae_ru_great_annihilating_truth, enter_bailey_5
Bailey:   bailey_polearm_elven_captive_hellmonk, bailey

Skill      XL: |  1  2  3  4  5  6  7  8  9 |
---------------+----------------------------+-----
Axes           | 4 5 6 7 8 9 11 12 13 | 13.9
Fighting       | 6 8 |  8.0
Armour         | 4 5 |  5.0
Dodging        | 3 4 |  4.7

Action                   |  1- 3 |  4- 6 |  7- 9 || total
-------------------------+-------+-------+-------++-------
Melee: Hand axe          |    99 |    46 |       ||   145
       Headbutt          |    11 |    18 |    43 ||    72
       Punch             |     1 |       |     1 ||     2
       War axe           |       |    72 |    84 ||   156
       Broad axe         |       |       |   213 ||   213
Invok: Trog's Hand       |       |     3 |    12 ||    15
       Berserk           |       |     2 |     2 ||     4
  Use: Scroll            |       |       |     3 ||     3
       Potion            |       |       |     1 ||     1
 Stab: Sleeping          |     2 |     1 |     1 ||     4
Armor: Animal skin       |    18 |     3 |       ||    21
       Chain mail        |       |    18 |    84 ||   102
       Ring mail         |       |       |    36 ||    36
Dodge: Dodged            |    43 |    38 |   137 ||   218
